Workbook

Sheet Tabla I
A1: Historico de gasto de gas | E1: Gasto anual ponderado | H1: =IF(G23="Solo spot",F29*(F17+G17*(1+F32)),F17*F29+(G17*F29+G25*F30)/2) -> 68559.762
B3: Fecha | F3: Gasto | G3: SPOT
A4: Item | B4: Año | C4: Mes | D4: Consumo gas (kWh) | E4: Excesos capacidad demanda (kWh-día) - ver Nota* | F4: Peajes, IEH y tasas (€) | G4: Precio de la molécula de gas (€)
A5: 1 | B5: 2021 | C5: 10 | D5: 853981.42 | E5: 101880.45 | F5: ='Peajes e IEH'!K29 -> 4861.4725
A6: =A5+1 -> 2 | B6: =B5 -> 2021 | C6: 11 | D6: 798548 | E6: 47969.14 | F6: ='Peajes e IEH'!K30 -> 4427.5384
A7: =A6+1 -> 3 | B7: =B6 -> 2021 | C7: 12 | D7: 2073691.3 | E7: 313982.22 | F7: ='Peajes e IEH'!K31 -> 8464.5993
A8: =A7+1 -> 4 | B8: 2022 | C8: 1 | D8: 1270563.3 | E8: 0 | F8: ='Peajes e IEH'!K32 -> 4694.8952
A9: =A8+1 -> 5 | B9: =B8 -> 2022 | C9: 2 | D9: 1478838.4 | E9: 9974.08 | F9: ='Peajes e IEH'!K33 -> 4723.3389
A10: =A9+1 -> 6 | B10: =B9 -> 2022 | C10: 3 | D10: 2042048.4 | E10: 249562.53 | F10: ='Peajes e IEH'!K34 -> 7384.3551
A11: =A10+1 -> 7 | B11: =B10 -> 2022 | C11: 4 | D11: 1457752.3 | E11: 25008.09 | F11: ='Peajes e IEH'!K35 -> 4962.386
A12: =A11+1 -> 8 | B12: =B11 -> 2022 | C12: 5 | D12: 1361574.9 | E12: 97068.25 | F12: ='Peajes e IEH'!K36 -> 5330.4884
A13: =A12+1 -> 9 | B13: =B12 -> 2022 | C13: 6 | D13: 1991010.2 | E13: 348208.05 | F13: ='Peajes e IEH'!K37 -> 7480.8143
A14: =A13+1 -> 10 | B14: =B13 -> 2022 | C14: 7 | D14: 1091243.2 | E14: 0 | F14: ='Peajes e IEH'!K38 -> 4474.2581
A15: =A14+1 -> 11 | B15: =B14 -> 2022 | C15: 8 | D15: 726689.8 | E15: 0 | F15: ='Peajes e IEH'!K39 -> 4025.7084
A16: =A15+1 -> 12 | B16: =B15 -> 2022 | C16: 9 | D16: 1001943 | E16: 4925.03 | F16: ='Peajes e IEH'!K40 -> 4293.3864
C17: Total | D17: =SUM(D5:D16) -> 16147884 | F17: =SUM(F5:F16) -> 65123.241 | G17: =SUM(G5:G16) -> 0
G22: Opción a elegir
E23: CIERRE FUTURO - CLICK | G23: Solo spot
B24: PRODUCTO | D24: Energía (kWh) | E24: Precio de cierre estimado (€/MWh) en MIBGAS
B25: GYES_24 | D25: 12000000 | E25: =ROUND('Referencia spot'!C1,2) -> 102.02 | G25: =G17*D25/D17 -> 0
D28: Consumo anual estimado (GWh) | F28: 17
E29: K1 | F29: =$F$28*10^6/D17 -> 1.0527695
E30: K2 | F30: =$F$28*10^6/D25 -> 1.4166667
D32: Penalización por solo spot | F32: 0.1
B36: * Nota, cálculo del exceso de capacidad
B43: Tipos de opciones
B44: Solo spot
B45: También cierres

Sheet Tabla II
A1: Penalización por desvíos
B4: Consumo anual 2021 (GWh) | C4: Penalización
A5: Exceso | B5: 29 | D5: =AVERAGE(C5:C10) -> #DIV/0!
B6: 27
B7: 25
B8: 22
B9: 20
B10: 18
A11: BASE | B11: 17 | C11: SIN PENALIZACIÓN
B12: 16
B13: 15
B14: 14
B15: 13
B16: 12
A17: Defecto | B17: 11 | D17: =AVERAGE(C12:C17) -> #DIV/0!
B19: Valor máximo penalización | C19: =MAX(D5,D17) -> #DIV/0!

Sheet Tabla III
C3: Oferta económica final | E3: ='Tabla II'!C19+'Tabla I'!H1 -> #DIV/0!

Sheet Peajes e IEH
A1: Peajes | B1: RL 8 | E1: Tarifa año 2023 (del 1 de octubre de 2022 a 30 de septiembre de 2023)
F6: Impuesto espcial de hidrocarburos | I6: =0.054*1000/100 -> 0.54 | J6: €/MWh
C7: Excesos
A8: Término fijo | B8: €/MWh día-año | C8: €/MWh día-año | F8: I.E.H (c€/kWh) (0,15 €/GJ = 0,054 c€/kWh)
A9: Salida de la red de transporte | B9: 139.674 | C9: =B9 -> 139.674
A10: Acceso a las redes locales | B10: 387.406 | C10: =B10 -> 387.406
A11: Recuperación de otros costes de regasificación | B11: 0.076 | C11: NA | F11: Tasas
A12: Cargos | B12: 5.273 | C12: NA | F12: CNMC | G12: 0.0014
A13: Tasa CNMC | B13: =SUM(B9:B12)*$G$12 -> 0.7454006 | C13: =SUM(C9:C10)*$G$12 -> 0.737912 | F13: GTS | G13: 0.01093
A14: Cuota GTS | B14: =SUM(B9:B11)*$G$13 -> 5.7618151 | C14: =SUM(C9:C10)*$G$13 -> 5.7609844 | F14: MITERD | G14: 0
A15: Total | B15: =SUM(B9:B14) -> 538.93622 | C15: =SUM(C9:C14) -> 533.5789
A17: Término variable | B17: €/MWh
A18: Salida de la red de transporte | B18: 0.054
A19: Acceso a las redes locales | B19: 0.628
A20: Tasa CNMC | B20: =SUM(B18:B19)*$G$12 -> 0.0009548
A21: Cuota GTS | B21: =SUM(B18:B19)*$G$13 -> 0.00745426
A22: Total | B22: =SUM(B18:B21) -> 0.69040906
B24: kWh/día
A25: Caudal diario contratado | B25: 68416
A26: Nº días año | B26: 365
A28: Item | B28: Año | C28: Mes | D28: Consumo gas (kWh) | E28: Excesos capacidad demanda (kWh-día) | F28: Nº Dias | G28: Termino fijo (€) | H28: Término variable (€) | I28: Excesos (€) | J28: IEH (€) | K28: Total (€)
A29: 1 | B29: 2021 | C29: 10 | D29: ='Tabla I'!D5 -> 853981.42 | E29: ='Tabla I'!E5 -> 101880.45 | F29: 31 | G29: =$B$15*F29*$B$25/($B$26*1000) -> 3131.5826 | H29: =D29*$B$22/1000 -> 589.59651 | I29: =3*E29*$C$15*VLOOKUP($C29,$C$49:$F$60,4,0)/($B$26*1000) -> 679.14339 | J29: =D29*$I$6/1000 -> 461.14997 | K29: =G29+H29+I29+J29 -> 4861.4725
A30: =A29+1 -> 2 | B30: =B29 -> 2021 | C30: 11 | D30: ='Tabla I'!D6 -> 798548 | E30: ='Tabla I'!E6 -> 47969.14 | F30: 30 | G30: =$B$15*F30*$B$25/($B$26*1000) -> 3030.5638 | H30: =D30*$B$22/1000 -> 551.32477 | I30: =3*E30*$C$15*VLOOKUP($C30,$C$49:$F$60,4,0)/($B$26*1000) -> 414.43382 | J30: =D30*$I$6/1000 -> 431.21592 | K30: =G30+H30+I30+J30 -> 4427.5384
A31: =A30+1 -> 3 | B31: =B30 -> 2021 | C31: 12 | D31: ='Tabla I'!D7 -> 2073691.3 | E31: ='Tabla I'!E7 -> 313982.22 | F31: 31 | G31: =$B$15*F31*$B$25/($B$26*1000) -> 3131.5826 | H31: =D31*$B$22/1000 -> 1431.6952 | I31: =3*E31*$C$15*VLOOKUP($C31,$C$49:$F$60,4,0)/($B$26*1000) -> 2781.5282 | J31: =D31*$I$6/1000 -> 1119.7933 | K31: =G31+H31+I31+J31 -> 8464.5993
A32: =A31+1 -> 4 | B32: 2022 | C32: 1 | D32: ='Tabla I'!D8 -> 1270563.3 | E32: ='Tabla I'!E8 -> 0 | F32: 31 | G32: =$B$15*F32*$B$25/($B$26*1000) -> 3131.5826 | H32: =D32*$B$22/1000 -> 877.20839 | I32: =3*E32*$C$15*VLOOKUP($C32,$C$49:$F$60,4,0)/($B$26*1000) -> 0 | J32: =D32*$I$6/1000 -> 686.10417 | K32: =G32+H32+I32+J32 -> 4694.8952
A33: =A32+1 -> 5 | B33: =B32 -> 2022 | C33: 2 | D33: ='Tabla I'!D9 -> 1478838.4 | E33: ='Tabla I'!E9 -> 9974.08 | F33: 28 | G33: =$B$15*F33*$B$25/($B$26*1000) -> 2828.5263 | H33: =D33*$B$22/1000 -> 1021.0034 | I33: =3*E33*$C$15*VLOOKUP($C33,$C$49:$F$60,4,0)/($B$26*1000) -> 75.236456 | J33: =D33*$I$6/1000 -> 798.57274 | K33: =G33+H33+I33+J33 -> 4723.3389
A34: =A33+1 -> 6 | B34: =B33 -> 2022 | C34: 3 | D34: ='Tabla I'!D10 -> 2042048.4 | E34: ='Tabla I'!E10 -> 249562.53 | F34: 31 | G34: =$B$15*F34*$B$25/($B$26*1000) -> 3131.5826 | H34: =D34*$B$22/1000 -> 1409.8488 | I34: =3*E34*$C$15*VLOOKUP($C34,$C$49:$F$60,4,0)/($B$26*1000) -> 1740.2175 | J34: =D34*$I$6/1000 -> 1102.7062 | K34: =G34+H34+I34+J34 -> 7384.3551
A35: =A34+1 -> 7 | B35: =B34 -> 2022 | C35: 4 | D35: ='Tabla I'!D11 -> 1457752.3 | E35: ='Tabla I'!E11 -> 25008.09 | F35: 30 | G35: =$B$15*F35*$B$25/($B$26*1000) -> 3030.5638 | H35: =D35*$B$22/1000 -> 1006.4454 | I35: =3*E35*$C$15*VLOOKUP($C35,$C$49:$F$60,4,0)/($B$26*1000) -> 138.19047 | J35: =D35*$I$6/1000 -> 787.18625 | K35: =G35+H35+I35+J35 -> 4962.386
A36: =A35+1 -> 8 | B36: =B35 -> 2022 | C36: 5 | D36: ='Tabla I'!D12 -> 1361574.9 | E36: ='Tabla I'!E12 -> 97068.25 | F36: 31 | G36: =$B$15*F36*$B$25/($B$26*1000) -> 3131.5826 | H36: =D36*$B$22/1000 -> 940.04361 | I36: =3*E36*$C$15*VLOOKUP($C36,$C$49:$F$60,4,0)/($B$26*1000) -> 523.6117 | J36: =D36*$I$6/1000 -> 735.25042 | K36: =G36+H36+I36+J36 -> 5330.4884
A37: =A36+1 -> 9 | B37: =B36 -> 2022 | C37: 6 | D37: ='Tabla I'!D13 -> 1991010.2 | E37: ='Tabla I'!E13 -> 348208.05 | F37: 30 | G37: =$B$15*F37*$B$25/($B$26*1000) -> 3030.5638 | H37: =D37*$B$22/1000 -> 1374.6115 | I37: =3*E37*$C$15*VLOOKUP($C37,$C$49:$F$60,4,0)/($B$26*1000) -> 2000.4935 | J37: =D37*$I$6/1000 -> 1075.1455 | K37: =G37+H37+I37+J37 -> 7480.8143
A38: =A37+1 -> 10 | B38: =B37 -> 2022 | C38: 7 | D38: ='Tabla I'!D14 -> 1091243.2 | E38: ='Tabla I'!E14 -> 0 | F38: 31 | G38: =$B$15*F38*$B$25/($B$26*1000) -> 3131.5826 | H38: =D38*$B$22/1000 -> 753.40419 | I38: =3*E38*$C$15*VLOOKUP($C38,$C$49:$F$60,4,0)/($B$26*1000) -> 0 | J38: =D38*$I$6/1000 -> 589.27132 | K38: =G38+H38+I38+J38 -> 4474.2581
A39: =A38+1 -> 11 | B39: =B38 -> 2022 | C39: 8 | D39: ='Tabla I'!D15 -> 726689.8 | E39: ='Tabla I'!E15 -> 0 | F39: 31 | G39: =$B$15*F39*$B$25/($B$26*1000) -> 3131.5826 | H39: =D39*$B$22/1000 -> 501.71322 | I39: =3*E39*$C$15*VLOOKUP($C39,$C$49:$F$60,4,0)/($B$26*1000) -> 0 | J39: =D39*$I$6/1000 -> 392.41249 | K39: =G39+H39+I39+J39 -> 4025.7084
A40: =A39+1 -> 12 | B40: =B39 -> 2022 | C40: 9 | D40: ='Tabla I'!D16 -> 1001943 | E40: ='Tabla I'!E16 -> 4925.03 | F40: 30 | G40: =$B$15*F40*$B$25/($B$26*1000) -> 3030.5638 | H40: =D40*$B$22/1000 -> 691.75055 | I40: =3*E40*$C$15*VLOOKUP($C40,$C$49:$F$60,4,0)/($B$26*1000) -> 30.022767 | J40: =D40*$I$6/1000 -> 541.04924 | K40: =G40+H40+I40+J40 -> 4293.3864
K41: =SUM(K29:K40) -> 65123.241
K45: Leyenda:
B46: Excesos | K46: CNMC: Comisión Nacional de los Mercados y la Competencia
B47: Multiplicadores aplicables a los contratos diarios en las salidas de la red de transporte hacia salidas a redes locales | K47: GTS: Gestor Técnico del Sistema
C48: Mes | F48: Coeficiente | K48: MITERD: Ministerio para la Transición Ecológica y el Reto Demográfico
C49: 1 | F49: 2.28
C50: 2 | F50: 1.72
C51: 3 | F51: 1.59
C52: 4 | F52: 1.26
C53: 5 | F53: 1.23
C54: 6 | F54: 1.31
C55: 7 | F55: 1.52
C56: 8 | F56: 1.39
C57: 9 | F57: 1.39
C58: 10 | F58: 1.52
C59: 11 | F59: 1.97
C60: 12 | F60: 2.02

Sheet Referencia spot
A1: Promedio | B1: =AVERAGE(B3:B368) -> 102.24197 | C1: =AVERAGE(C3:C368) -> 102.02284 | D1: =AVERAGE(D3:D368) -> 102.00456 | E1: =AVERAGE(E3:E368) -> 104.76088 | F1: =AVERAGE(F3:F368) -> 103.93944 | G1: =AVERAGE(G3:G368) -> 120.30952 | H1: =AVERAGE(H3:H368) -> 106.06389
A2: DÃ­a de negociaciÃ³n | B2: Intradiario | C2: D+1 | D2: D+2 | E2: D+3 | F2: Fin de semana | G2: Resto de mes | H2: M+1
A3: 44494 | B3: 91 | C3: 91.01 | D3: 92.25 | H3: 89.8
A4: 44495 | B4: 90.75 | C4: 89.31 | D4: 89 | E4: 90.39 | F4: 87 | H4: 91.6
A5: 44496 | B5: 87 | C5: 84.65 | D5: 85.67 | E5: 86.05 | F5: 85.2 | G5: 85.5 | H5: 87.59
A6: 44497 | B6: 70.35 | C6: 73.75 | D6: 75.12 | E6: 75 | F6: 73 | H6: 75.51
A7: 44498 | B7: 58.3 | C7: 60.32 | D7: 62 | E7: 57 | F7: 56.77 | H7: 64.75
A8: 44499 | B8: 65.5 | C8: 62.86 | D8: 62.75
A9: 44500 | B9: 60.44 | C9: 60.25 | D9: 59
A10: 44501 | B10: 59.86 | C10: 63.7 | D10: 62 | E10: 61 | H10: 68.5
A11: 44502 | B11: 65.81 | C11: 69.25 | D11: 67.5 | H11: 70.9
A12: 44503 | B12: 76.55 | C12: 76.84 | D12: 76.85 | E12: 75.5 | H12: 78.7
A13: 44504 | B13: 73.48 | C13: 71.65 | D13: 73.96 | E13: 74.5 | F13: 71.9 | H13: 74.15
A14: 44505 | B14: 72 | C14: 70.51 | D14: 69.99 | E14: 71.36 | F14: 70.75 | H14: 74.95
A15: 44506 | B15: 71.5 | C15: 71.57 | D15: 72.15
A16: 44507 | B16: 72.5 | C16: 73.47 | D16: 74.5
A17: 44508 | B17: 77.38 | C17: 77.74 | D17: 77.93 | E17: 77.67 | H17: 78.48
A18: 44509 | B18: 77.88 | C18: 71 | D18: 74.2 | E18: 78.36 | F18: 70 | H18: 75.65
A19: 44510 | B19: 74.64 | C19: 72.96 | D19: 67.95 | E19: 68 | F19: 68.5 | H19: 71
A20: 44511 | B20: 81.7 | C20: 77.73 | D20: 72.75 | E20: 72.5 | F20: 73.63 | H20: 73.8
A21: 44512 | B21: 78.89 | C21: 76.9 | D21: 75.8 | E21: 75.13 | F21: 74.5 | H21: 76.76
A22: 44513 | B22: 77.99 | C22: 79 | D22: 78.1
A23: 44514 | B23: 73.64 | C23: 79.25 | D23: 78.47
A24: 44515 | B24: 82.94 | C24: 81.76 | D24: 81.99
A25: 44516 | B25: 92.17 | C25: 93.64 | D25: 92 | E25: 89 | F25: 89.5 | H25: 94.92
A26: 44517 | B26: 96.95 | C26: 95.1 | D26: 95.85 | F26: 93.75 | H26: 99.8
A27: 44518 | B27: 100.54 | C27: 96.06 | D27: 95.98 | F27: 93.99 | H27: 95.66
A28: 44519 | B28: 95 | C28: 93.42 | D28: 93 | E28: 89.96 | F28: 91.81 | G28: 88.3 | H28: 88.48
A29: 44520 | B29: 94.01 | C29: 95.7 | D29: 92.25
A30: 44521 | B30: 94.5 | C30: 92.89
A31: 44522 | B31: 90.9 | C31: 87.39 | D31: 86.7 | E31: 86.95 | H31: 86.3
A32: 44523 | B32: 92.91 | C32: 93.9 | D32: 94 | E32: 92 | F32: 91 | H32: 94
A33: 44524 | B33: 101.53 | C33: 97.83 | D33: 97 | E33: 97 | F33: 97 | H33: 94.55
A34: 44525 | B34: 94.5 | C34: 95.16 | D34: 94.16 | E34: 94.16 | F34: 95.05 | H34: 95.25
A35: 44526 | B35: 91.5 | C35: 91.42 | D35: 91.25 | E35: 91.88 | F35: 91.72 | H35: 89.5
A36: 44527 | B36: 91.52 | C36: 93.89 | D36: 90.23 | E36: 90.13
A37: 44528 | B37: 95 | C37: 95.24
A38: 44529 | B38: 105 | C38: 98.26 | F38: 100 | H38: 96.5
A39: 44530 | B39: 105.38 | C39: 95.5 | D39: 99 | E39: 99 | F39: 100 | H39: 94.2
A40: 44531 | B40: 94.95 | C40: 98.12 | D40: 99 | F40: 97.5 | H40: 96.95
A41: 44532 | B41: 95.73 | C41: 96.07 | D41: 95.5 | E41: 95.48 | F41: 95.32 | H41: 94.6
A42: 44533 | B42: 92.81 | C42: 92.7 | D42: 91.6 | E42: 93 | F42: 90.93 | H42: 93.1
A43: 44534 | B43: 93.19 | C43: 89.77 | D43: 91
A44: 44535 | B44: 86.52 | C44: 90.21
A45: 44536 | B45: 89.65 | C45: 91 | D45: 90 | H45: 91.85
A46: 44537 | B46: 93.23 | C46: 95.49 | D46: 95 | G46: 95.5 | H46: 98.5
A47: 44538 | B47: 101.32 | C47: 103.98 | D47: 97.5 | F47: 102 | H47: 103.9
A48: 44539 | B48: 104.41 | C48: 101.08 | F48: 100 | H48: 101
A49: 44540 | B49: 105.44 | C49: 107.04 | D49: 106 | E49: 104.5 | F49: 105.03 | H49: 105.95
A50: 44541 | B50: 108.67 | C50: 109.06 | D50: 111.9
A51: 44542 | B51: 108.7 | C51: 113.24 | D51: 114
A52: 44543 | B52: 116.82 | C52: 118.21 | H52: 118.8
A53: 44544 | B53: 124.1 | C53: 129.5 | D53: 126.5 | E53: 126.5 | H53: 124.95
A54: 44545 | B54: 123.04 | C54: 125.08 | D54: 127 | F54: 129.11 | H54: 128.5
A55: 44546 | B55: 138.22 | C55: 138.68 | F55: 132 | H55: 136.8
A56: 44547 | B56: 140 | C56: 136.67 | D56: 136.25 | E56: 136.11 | F56: 135
A57: 44548 | B57: 143.15 | C57: 146.5 | D57: 142.25 | E57: 141.75
A58: 44549 | B58: 157.02 | C58: 162.27 | D58: 148.5
A59: 44550 | B59: 151.26 | C59: 148.44 | D59: 142 | H59: 147.25
A60: 44551 | B60: 180 | C60: 183 | D60: 168 | E60: 174.63 | F60: 161 | H60: 172
A61: 44552 | B61: 190 | C61: 171.25 | D61: 175.3 | E61: 175 | F61: 174 | H61: 172
A62: 44553 | B62: 143.5 | C62: 126.78 | D62: 137 | E62: 14 | F62: 139.55
A63: 44554 | B63: 92.5 | C63: 100.97 | D63: 91 | E63: 107 | F63: 99
A64: 44555 | B64: 62 | C64: 67.38 | D64: 67 | E64: 90
A65: 44556 | B65: 81.65 | C65: 81.05 | D65: 85
A66: 44557 | B66: 91.07 | C66: 98.5 | D66: 90 | E66: 94 | H66: 96
A67: 44558 | B67: 89.77 | C67: 94 | D67: 90.64 | E67: 92.5 | H67: 99.35
A68: 44559 | B68: 91.48 | C68: 90 | D68: 97.31 | E68: 96.08 | F68: 97 | H68: 97
A69: 44560 | B69: 78.15 | C69: 76.81 | D69: 78 | E69: 79.25 | F69: 78 | H69: 86
A70: 44561 | B70: 62 | C70: 62.44 | D70: 61.71 | E70: 61.25 | F70: 60 | H70: 62.7
A71: 44562 | B71: 41.56 | C71: 48.56 | D71: 51.75 | E71: 60.5
A72: 44563 | B72: 57 | C72: 60.5 | D72: 54.5
A73: 44564 | B73: 79 | C73: 78.2 | D73: 77.8 | H73: 79.5
A74: 44565 | B74: 83.25 | C74: 85.87 | D74: 86.12 | E74: 88.51 | G74: 90 | H74: 85.5
A75: 44566 | B75: 93 | C75: 92.8 | D75: 90.5 | F75: 90.23 | H75: 94
A76: 44567 | B76: 95.35 | C76: 94.96 | F76: 93
A77: 44568 | B77: 88.78 | C77: 84.93 | D77: 82 | E77: 87.87 | F77: 83.5
A78: 44569 | B78: 81.45 | C78: 83.67
A79: 44570 | B79: 83.62 | C79: 90 | D79: 89.5
A80: 44571 | B80: 83.34 | C80: 83.4 | D80: 84.5 | E80: 85.96 | H80: 87.43
A81: 44572 | B81: 79.6 | C81: 81 | D81: 79.43 | H81: 78
A82: 44573 | B82: 77.15 | C82: 74.94 | D82: 75.19 | F82: 73.75
A83: 44574 | B83: 85.04 | C83: 83.47 | D83: 80 | E83: 80 | F83: 80.96 | H83: 81
A84: 44575 | B84: 90.48 | C84: 86 | D84: 84 | E84: 84.8 | F84: 84.07
A85: 44576 | B85: 90.5 | C85: 89.76 | D85: 89.5
A86: 44577 | B86: 92.07 | C86: 94.99
A87: 44578 | B87: 85.06 | C87: 78.5 | D87: 77 | E87: 84 | H87: 80.25
A88: 44579 | B88: 80.4 | C88: 80.5 | D88: 80 | E88: 79 | H88: 76.62
A89: 44580 | B89: 73.53 | C89: 74.4 | D89: 72.02 | H89: 71.9
A90: 44581 | B90: 73.32 | C90: 76 | D90: 71.9 | E90: 71.9 | F90: 72.32 | H90: 74
A91: 44582 | B91: 76.57 | C91: 79 | D91: 77.69 | E91: 77.65 | F91: 77
A92: 44583 | B92: 79.24 | C92: 79.99 | D92: 83.5 | E92: 84.9
A93: 44584 | B93: 84.93 | C93: 87 | D93: 84.99 | E93: 84.99
A94: 44585 | B94: 89.85 | C94: 90.4 | D94: 91.5 | H94: 89.5
A95: 44586 | B95: 89.99 | C95: 91.52 | F95: 91 | H95: 93
A96: 44587 | B96: 92.32 | C96: 90.83 | H96: 90.6
A97: 44588 | B97: 89.91 | C97: 90.97 | H97: 90.45
A98: 44589 | B98: 88.7 | C98: 91.99 | D98: 89.81 | E98: 90.42 | F98: 90.45 | H98: 91.4
A99: 44590 | B99: 93.49 | C99: 93.12 | D99: 92.2
A100: 44591 | B100: 91.07 | C100: 92.74
...
